 Dungeon Crawl Stone Soup version 0.24.0-13-gcf9b319 (console) character file.

Game seed: 19528145098305786, levelgen mode: deterministic

50 ratboy the Caller (level 3, -4/67 HPs)
             Began as a Minotaur Summoner on Feb 14, 2020.
             Slain by a gnoll
             ... wielding a +0 flail
              (7 damage)
             ... on level 6 of the Dungeon.
             The game lasted 00:14:32 (2891 turns).

ratboy the Caller (Minotaur Summoner)               Turns: 2891, Time: 00:14:33

Health: -4/67      AC: 21    Str: 18    XL:     3   Next: 55%
Magic:  4/4        EV:  2    Int: 12    God:
Gold:   100        SH:  0    Dex: 10    Spells: 2/4 levels left

rFire    . . .     SeeInvis .   l - +0 dagger (vamp)
rCold    . . .     Gourm    .   (no shield)
rNeg     + + +     Faith    .   (armour currently unavailable)
rPois    +         Spirit   .   (helmet currently unavailable)
rElec    .         Reflect  .   (cloak currently unavailable)
rCorr    .         Harm     .   (gloves currently unavailable)
MR       .....     NoTele   +   (boots currently unavailable)
Stlth    ..........             (no amulet)
HPRegen  0.21/turn              r - +3 ring of evasion
MPRegen  0.09/turn              (no ring)

@: berserking, tree-form, very slightly contaminated, invisible, very quick
A: (retaliatory headbutt)
a: no special abilities


You were on level 6 of the Dungeon.
You were hungry.
You were a tree.
You visited 1 branch of the dungeon, and saw 5 of its levels.

You collected 100 gold pieces.

Inventory:

Hand Weapons
 a - a +0 falchion
 e - a +0 short sword
 l - a +0 vampiric dagger (weapon)
Missiles
 b - 7 boomerangs (quivered)
Armour
 n - a +0 chain mail
 s - a +0 ring mail (melded)
Jewellery
 r - a +3 ring of evasion (left branch)
Scrolls
 f - 2 scrolls of remove curse
 p - a scroll of identify
Potions
 j - 2 potions of degeneration
Comestibles
 c - 6 rations


   Skills:
 * Level 2.6 Fighting
 * Level 0.3 Long Blades
 + Level 2.5 Armour
 - Level 2.2 Dodging
 - Level 1.5 Stealth
 - Level 1.3 Spellcasting
 - Level 2.9 Summonings


You had 2 spell levels left.
You knew the following spells:

 Your Spells              Type           Power        Failure   Level  Hunger
b - Call Imp              Summ           #.......     13%         2    ###....

Your spell library contained the following spells:

 Spells                   Type           Power        Failure   Level  Hunger
 Summon Small Mammal      Summ           #...         9%          1    ##.....
 Animate Skeleton         Necr           N/A          28%         1    ##.....
 Apportation              Tloc           #.....       28%         1    ##.....
 Confusing Touch          Hex            #.....       28%         1    ##.....
 Call Canine Familiar     Summ           #.......     26%         3    ####...
 Summon Guardian Golem    Hex/Summ       #.......     43%         3    ####...
 Summon Ice Beast         Ice/Summ       #.......     83%         4    #####..
 Summon Lightning Spire   Summ/Air       #.......     83%         4    #####..


Dungeon Overview and Level Annotations

Branches:
Dungeon (6/15)
 Temple: D:4-7

Altars:
Ashenzari

Annotations:
D:2 exclusion: worker ant


Innate Abilities, Weirdness & Mutations

((You reflexively headbutt those who attack you in melee.))
((You have a pair of horns on your head.))


Message History

* * * LOW HITPOINT WARNING * * *
All of the chunks of flesh in your inventory have rotted away.
Press: ? - help, v - describe, . - travel
Here: an orc warrior, wielding a +0 scimitar and wearing a +0 plate armour The floor.
Unknown command.
It was a potion of invisibility.
You fade into invisibility!
The gnoll barely misses you.
You are very lightly contaminated with residual magic.
You closely miss the orc warrior.
The orc warrior hits you with a +0 scimitar!
* * * LOW HITPOINT WARNING * * *
It was a potion of berserk rage.
A red film seems to cover your vision as you go berserk!
You feel yourself moving faster!
You feel mighty! The gnoll hits you but does no damage.
The orc warrior barely misses you.
You puncture the orc warrior!
The orc warrior is moderately wounded.
The gnoll hits you with a +0 flail!
You die...

#)(Y#..J.JF.J#
#.#g########Y# .g.#.#
#.# ....g#.# #.#
<..g...#.# ####J#####
......##.# #...Y....#
..Y... #g#####.##.##.##
......##.#...<........#
#.......######.##
#.g#.##... .#
#..#.##.## # #..)....#
##.#.##.# #(#.#... #.#
#..# ##############.#
#..oooo♣gggg{..#
##.#############


You could see an orc warrior, 4 gnolls and 3 orcs.

Vanquished Creatures
  A dart slug (D:1)
  4 leopard geckos
  5 orcs (D:2)
  2 giant cockroaches
  3 goblins (D:1)
  3 hobgoblins
  3 bats
  2 frilled lizards (D:1)
  4 kobolds
  7 rats
  A fungus (D:1)
35 creatures vanquished.

Vanquished Creatures (collateral kills)
  A goblin (D:1)
  A hobgoblin (D:2)
  A frilled lizard (D:1)
  A kobold (D:2)
  A rat (D:1)
5 creatures vanquished.

Grand Total: 40 creatures vanquished

Notes
Turn   | Place    | Note
-------+----------+-------------------------------------------
     0 | D:1      | ratboy the Minotaur Summoner began the quest for the Orb.
     0 | D:1      | Reached XP level 1. HP: 14/14 MP: 1/1
   383 | D:1      | Reached skill level 1 in Fighting
   383 | D:1      | Reached skill level 1 in Armour
   433 | D:1      | Reached XP level 2. HP: 8/23 MP: 3/3
   666 | D:1      | Found a shattered altar of Ashenzari.
   970 | D:1      | Learned a level 2 spell: Call Imp
  1483 | D:2      | Noticed a sky beast
  1769 | D:2      | Reached XP level 3. HP: 29/29 MP: 2/4
  2757 | D:3      | You fall into a shaft and drop 2 floors!
  2757 | D:5      | Entered Level 5 of the Dungeon
  2761 | D:5      | Noticed a sky beast
  2823 | D:6      | Noticed a bullfrog
  2823 | D:6      | Noticed a sky beast
  2844 | D:6      | Noticed a sky beast
  2869 | D:6      | Noticed an orc warrior
  2889 | D:6      | HP: 2/45 [orc warrior/+0 scimitar (8)]
  2891 | D:6      | Slain by a gnoll

Levels and vault maps discovered:
D:1:      dpeg_cavernosity, layout_basic, evilmike_ruin_ashenzari
D:2:      layout_basic
D:3:      layout_loops_corners, uniq_crazy_yiuf_cottage, uniq_sigmund
D:5:      layout_cave_pods, chequers_temple_overflow_minitemple,
          temple_fountains, serial_shops, shop, first_ration, uniq_duvessa,
          uniq_ijyb
D:6:      layout_basic, overflow_temple_1_default, slow_altar_1, basic_altar,
          uniq_grinder, uniq_blork_the_orc, uniq_menkaure, uniq_edmund

Skill      XL: |  1  2 |
---------------+-------+-----
Fighting       | 1 2 |  2.6
Armour         | 1 2 |  2.5
Long Blades    | |  0.3
Dodging        | |  2.2
Stealth        | |  1.5
Spellcasting   | |  1.3
Summonings     | |  2.9

Action                   || total
-------------------------++-------
Melee: Short sword       ||    47
       Unarmed           ||     3
       Headbutt          ||    12
       Dagger            ||    98
Throw: Boomerang         ||     1
 Cast: Summon Small Mamm ||     7
       Call Imp          ||     6
  Use: Scroll            ||     6
       Potion            ||     5
 Stab: Sleeping          ||     4
  Eat: Chunk             ||     6
Armor: Robe              ||    14
       Leather armour    ||     4
       Ring mail         ||    15
       Skin              ||    15
Dodge: Dodged            ||    85
